 Dungeon Crawl Stone Soup version 0.18-a0-739-gdae9da8 (webtiles) character file.

33 M4edhros the Charlatan (level 3, -2/23 HPs)
             Began as an Octopode Artificer on Dec 11, 2015.
             Slain by a crimson imp (4 damage)
             ... on level 3 of the Dungeon.
             The game lasted 00:01:17 (874 turns).

M4edhros the Charlatan (Octopode Artificer)          Turns: 874, Time: 00:01:17

Health: -2/23      AC:  1    Str: 10      XL:     3   Next: 29%
Magic:  6/6        EV: 12    Int: 15      God:
Gold:   23         SH:  0    Dex:  9 (12) Spells: 0 memorised, 2 levels left

rFire  . . .     SeeInvis +     a - +0 short sword
rCold  . . .     Clarity  .     (no shield)
rNeg   . . .     SustAt   .     (helmet restricted)
rPois  .         Gourm    .     (no amulet)
rElec  .         Spirit   .     h - ring of see invisible
rCorr  .         Dismiss  .     (no ring)
rMut   .         Stasis   .     (no ring)
MR     .....                    (no ring)
Stlth  +++.......               (no ring)
                                (no ring)
                                (no ring)
                                (no ring)

@: not resistant to hostile enchantments, fairly stealthy
A: almost no armour, amphibious, 8 rings, constrict 8, camouflage 1, gelatinous
body 1
a: no special abilities


You were on level 3 of the Dungeon.
You were not hungry.

You visited 1 branch of the dungeon, and saw 3 of its levels.

You collected 23 gold pieces.

Inventory:

Hand Weapons
 a - a +0 short sword (weapon)
Missiles
 k - 35 stones (quivered)
Jewellery
 h - a ring of see invisible (left tentacle)
 j - an uncursed ring of protection from fire {unknown}
Wands
 b - a wand of flame (14)
 c - a wand of enslavement (13)
 d - a wand of random effects (12)
Scrolls
 f - a scroll of fog {unknown}
 g - a scroll of amnesia {unknown}
Potions
 i - a potion of degeneration
Comestibles
 e - a bread ration


   Skills:
 - Level 1.0 Fighting
 - Level 1.0 Short Blades
 - Level 2.0 Dodging
 + Level 3.1 Stealth
 + Level 4.1 Evocations


You had 2 spell levels left.
You didn't know any spells.

Dungeon Overview and Level Annotations

Branches:
Dungeon (3/15)

Altars:


Innate Abilities, Weirdness & Mutations

You cannot wear most types of armour.
You are amphibious.
You can wear up to eight rings at the same time.
You can use your tentacles to constrict eight enemies at once.
Your skin changes colour to match your surroundings (Stealth).
Your rubbery body absorbs attacks (AC +1).


Message History

You feel sick.
Your hound barely misses the orc.
The orc barely misses your hound.
Your hound closely misses the orc.
Your hound bites something.
Something misses your hound.
You feel a bit more experienced.
You feel sick. What do you say? t - Shout!
Orders for allies: a - Attack new target. r - Retreat! s - Stop attacking. w - Wait here. f - Follow me.
Anything else - Stay silent.
Wait here!
You hear a shout!
You feel sick.
You are no longer poisoned.
A crimson imp comes into view.
A bat comes into view.
You barely miss the crimson imp. You grab the crimson imp.
You constrict the crimson imp. The crimson imp hits you.
You die...

... ..r .b# #.#
#.# #.# #5#
#@################
#............h...o
#################.
##) #.o #.. ####..
#..... #.....


You could see a crimson imp, a quokka (wandering) and a bat.

Vanquished Creatures
  3 orcs (D:3)
  A ball python (D:1)
  4 goblins
  A hobgoblin (D:1)
  9 jackals (D:1)
  A kobold (D:1)
  3 bats (D:1)
  A giant cockroach (D:1)
  A giant newt (D:1)
  3 rats
27 creatures vanquished.

Vanquished Creatures (collateral kills)
  An orc (D:3)
  A rat (D:3)
2 creatures vanquished.

Grand Total: 29 creatures vanquished

Notes
Turn   | Place    | Note
--------------------------------------------------------------
     0 | D:1      | M4edhros the Octopode Artificer began the quest for the Orb.
     0 | D:1      | Reached XP level 1. HP: 13/13 MP: 3/3
   321 | D:1      | Reached XP level 2. HP: 12/18 MP: 4/4
   447 | D:1      | Reached skill level 4 in Evocations
   729 | D:1      | Reached XP level 3. HP: 19/23 MP: 6/6
   874 | D:3      | Slain by a crimson imp

Vault maps used:
D:1:      elethiomel_arrival_infinity_welcomes_careful_drivers, minivault_25,
          st_stairs_7, serial_bayou_pond_e
D:2:      grunt_temple_overflow_holy_war,
          nicolae_gozag_cash_rules_everything_around_me, first_bread,
          kennysheep_another_room, minmay_misc_feat_hallway
D:3:      nemelex_deck, ecumenical_altar_2, trog_butcher_becter

Action                   || total
-------------------------++-------
Melee: Short sword       ||    56
Evoke: Wand              ||     6
  Use: Potion            ||     3
 Stab: Sleeping          ||     6
